 Dungeon Crawl Stone Soup version 0.29.0-4-gdea44cf6ec (webtiles) character file.

Game seed: 14041254166485136060

132 qw the Chopper (level 5, -6/30 HPs)
             Began as a Tengu Warper on Aug 28, 2022.
             Killed by nerve-wracking pain
             ... invoked by an orc priest
              (11 damage)
             ... on level 3 of the Dungeon.
             The game lasted 00:00:15 (2904 turns).

qw the Chopper (Tengu Warper)                       Turns: 2904, Time: 00:00:16

Health: -6/30      AC: 12    Str: 19    XL:     5   Next: 15%
Magic:  9/9        EV:  7    Int: 13    God:
Gold:   217        SH:  0    Dex: 14    Spells: 8/8 levels left

rFire   . . .      SeeInvis .   Y - +0 hand axe
rCold   . . .      Faith    .   (no shield)
rNeg    . . .      Spirit   .   l - +0 plate armour
rPois   .          Reflect  .   (helmet restricted)
rElec   .          Harm     .   (no cloak)
rCorr   .          Rampage  .   e - +0 pair of gloves
Will    .....                   (boots unavailable)
Stlth   ..........              (no amulet)
HPRegen 0.10/turn               b - +6 ring of strength
MPRegen 0.11/turn               (no ring)

@: flying quickly and evasively, quick
A: beak, talons 3, nimble flight
a: no special abilities


You were on level 3 of the Dungeon.
You visited 1 branch of the dungeon, and saw 3 of its levels.

You collected 217 gold pieces.


Innate Abilities, Weirdness & Mutations

You have a beak for a mouth.
You have claws for feet.
Your magical nature lets you fly swiftly and evasively.


   Skills:
 - Level 2.0 Fighting
 + Level 5.3 Axes
 - Level 1.0 Throwing
 - Level 2.1 Armour
 - Level 2.1 Dodging
 - Level 2.0 Spellcasting
 - Level 2.4 Translocations


You had 8 spell levels left.
You didn't know any spells.
Your spell library contained the following spells:

 Spells                   Type           Power      Damage    Failure   Level
 Blink                    Tloc           14%        N/A       99%         2
 Gell's Gravitas          Tloc           7%         N/A       100%        3
 Lesser Beckoning         Tloc           7%         N/A       100%        3
 Teleport Other           Tloc           7%         N/A       100%        3
 Manifold Assault         Tloc           7%         N/A       100%        5

Inventory:

Hand Weapons
 d - a +1 whip of draining
 Y - a +0 hand axe (weapon)
Armour
 e - a +0 pair of gloves (worn)
 l - a +0 plate armour (worn)
Jewellery
 b - a +6 ring of strength (left hand)
 c - a ring of fire
Potions
 a - a potion of attraction {unknown}
 f - a potion of magic {unknown}
 g - a potion of invisibility {unknown}
 k - a potion of resistance {unknown}
 m - a potion of heal wounds {unknown}
 n - a potion of haste {unknown}

Dungeon Overview and Level Annotations

Branches:
Dungeon (3/15)

Altars:
Ashenzari


Message History

You see here a rat corpse.
You barely miss the orc. Your peck misses the orc.
The orc hits you but does no damage.
You barely miss the orc wizard. You claw the orc wizard.
Your peck misses the orc wizard.
The orc wizard is moderately wounded.
You hit the orc. The orc wizard barely misses you.
The orc priest calls down the wrath of Beogh upon you.
Beogh smites you! The orc hits you but does no damage.
You hit the orc.
You kill the orc!
You hit the orc wizard.
The orc wizard hits you but does no damage.
You hit the orc wizard. Your kick misses the orc wizard.
You peck the orc wizard, but do no damage.
The orc wizard is heavily wounded.
The orc priest miscasts a cantrip.
You closely miss the orc wizard. Your kick misses the orc wizard.
The orc wizard is heavily wounded.
The orc priest mumbles some strange prayers to Beogh against you.
Beogh smites you!
Ouch! That really hurt!
The orc wizard hits you but does no damage.
You hit the orc wizard. Your kick misses the orc wizard.
The orc wizard is severely wounded.
The orc wizard closely misses you.
You completely miss the orc wizard. Your kick misses the orc wizard.
Your peck misses the orc wizard.
The orc wizard is severely wounded.
You closely miss the orc priest.
The orc priest hits you but does no damage.
The orc wizard hits you with a +0 dagger.
You hit the orc wizard but do no damage.
Your kick misses the orc wizard.
The orc wizard is severely wounded.
You hit the orc priest.
The orc priest mumbles some strange prayers to Beogh against you.
Pain shoots through your body!
You die...

##...## #.# ##.## #.#
#.# #.# #.# #.# ##%##
#.# ##...## #.#
##..>..## ##.# #
##.......## ##(..
.o.##.#@........####...#
.....ooo........'.......
...####.........####)..#
##.......## ##.##
##.....## #.## ##...##
#.## ##'## #.## #.# #...
######.##### ####


You could see 2 orc priests and an orc wizard.

Vanquished Creatures
  An iguana (D:3)
  5 adders
  A dart slug (D:1)
  A worm (D:3)
  2 orcs (D:3)
  4 endoplasms
  3 giant cockroaches
  5 goblins
  3 hobgoblins
  3 jackals (D:2)
  9 kobolds
  6 ball pythons
  4 bats (D:1)
  A frilled lizard (D:2)
  9 rats
57 creatures vanquished.

Notes
Turn   | Place    | Note
-------+----------+-------------------------------------------
     0 | D:1      | qw the Tengu Warper began the quest for the Orb.
     0 | D:1      | Reached XP level 1. HP: 12/12 MP: 4/4
     0 | D:1      | 0 ||| qw: Version: 0.1-a-89-g26bdef1
     0 | D:1      | 0 ||| qw: Game counter: 247
     0 | D:1      | 0 ||| qw: Always use a shield: true
     0 | D:1      | 0 ||| qw: God list: Okawaru
     0 | D:1      | 0 ||| qw: Allow faded altars: false
     0 | D:1      | 0 ||| qw: Do Orc after D:15 true
     0 | D:1      | 0 ||| qw: Do second Lair branch before Depths: true
     0 | D:1      | 0 ||| qw: Lair rune preference: random
     0 | D:1      | 0 ||| qw: Plans: Normal
     0 | D:1      | 0 ||| PLANNING D:1-11
   100 | D:1      | Found a faded altar of an unknown god.
   116 | D:1      | 116 ||| Stepping ~*~*~tactically~*~*~ (stealth).
   117 | D:1      | 117 ||| Stepping ~*~*~tactically~*~*~ (stealth).
   127 | D:1      | Reached skill level 3 in Axes
   127 | D:1      | Reached XP level 2. HP: 13/17 MP: 6/6
   832 | D:1      | Reached XP level 3. HP: 18/21 MP: 7/7
  1216 | D:1      | 1216 ||| UPGRADING to +0 pair of gloves.
  1221 | D:1      | 1221 ||| UPGRADING to +0 ring mail.
  1231 | D:1      | 1231 ||| DROPPING +0 leather armour.
  1232 | D:1      | 1232 ||| UPGRADING to +0 plate armour.
  1242 | D:1      | 1242 ||| DROPPING +0 ring mail.
  1243 | D:1      | 1243 ||| DROPPING ring of flight.
  1244 | D:1      | 1244 ||| READING scroll labelled CATRATAONN.
  1249 | D:1      | 1249 ||| DROPPING scroll of blinking.
  1309 | D:2      | Reached skill level 4 in Axes
  1533 | D:2      | 1533 ||| DROPPING +0 club.
  1617 | D:2      | Reached XP level 4. HP: 26/26 MP: 8/8
  1743 | D:2      | 1743 ||| UPGRADING to +6 ring of strength.
  1744 | D:2      | 1744 ||| READING scroll labelled WIHYNA XOOBROPH.
  1745 | D:2      | 1745 ||| READING scroll labelled JIOROG QIAT.
  1746 | D:2      | 1746 ||| READING scroll labelled PEPURR AH RUHO.
  1754 | D:2      | 1754 ||| DRINKING 3 grey potions.
  2304 | D:2      | 2304 ||| DROPPING 2 potions of lignification.
  2322 | D:3      | 2322 ||| PLANNING SEWER
  2347 | D:3      | HP: 4/26 [iguana (4)]
  2348 | D:3      | 2348 ||| READING scroll of teleportation.
  2351 | D:3      | Reached skill level 5 in Axes
  2549 | D:3      | 2549 ||| Stepping ~*~*~tactically~*~*~ (stealth).
  2552 | D:3      | 2552 ||| Stepping ~*~*~tactically~*~*~ (stealth).
  2613 | D:3      | 2613 ||| DROPPING +0 mace.
  2688 | D:3      | Gained mutation: Your magical nature lets you fly swiftly
                  | and evasively. [Tengu growth]
  2688 | D:3      | Reached XP level 5. HP: 30/30 MP: 9/9
  2696 | D:3      | Found a broken altar of Ashenzari.
  2892 | D:3      | 2892 ||| Stepping ~*~*~tactically~*~*~ (hiding).
  2893 | D:3      | 2893 ||| Stepping ~*~*~tactically~*~*~ (hiding).
  2901 | D:3      | HP: 6/30 [orc priest/divine providence (15)]
  2904 | D:3      | Killed from afar by an orc priest

Levels and vault maps discovered:
D:1:      dpeg_arrival_castle, layout_basic,
          chequers_ecumenical_altar_simple_redux, st_stairs_5
D:2:      layout_basic, serial_glass, glass_columns_a, glass_columns_c
D:3:      layout_loops_corners, ashenzari_altar_1, gup_sewer_entry_spiral

Skill      XL: |  1  2  3  4 |
---------------+-------------+-----
Axes           | 3 4 5 |  5.3
Armour         | 2 |  2.1
Fighting       | |  2.0
Throwing       | |  1.0
Dodging        | |  2.1
Spellcasting   | |  2.0
Translocations | |  2.4

Action                   |  1- 3 |  4- 6 || total
-------------------------+-------+-------++-------
Melee: Hand axe          |    81 |    68 ||   149
       Kick              |    15 |    17 ||    32
       Peck              |    11 |    10 ||    21
Throw: Boomerang         |     7 |       ||     7
  Use: Scroll            |     1 |     4 ||     5
       Potion            |       |     1 ||     1
Armor: Leather armour    |    18 |       ||    18
       Plate armour      |    18 |    44 ||    62
Dodge: Dodged            |    40 |    24 ||    64

Table legend:
 A = Non-vault XP
 B = Vault XP
 C = Vault XP percentage of total XP
 D = Non-vault monster count
 E = Vault monster count
 F = Vault count percentage of total count
                 A         B        C        D         E       F
            +---------+---------+-------+---------+---------+-------
      Total |     183 |       6 |   3.2 |      53 |       4 |   7.0
            +---------+---------+-------+---------+---------+-------
        D:1 |      37 |       6 |  14.0 |      21 |       4 |  16.0
        D:2 |      81 |       0 |   0.0 |      22 |       0 |   0.0
        D:3 |      65 |       0 |   0.0 |      10 |       0 |   0.0
            +---------+---------+-------+---------+---------+-------
